AoeStats
← 泰拉第一老女人-凯尔希

Arena

510335172Analyzed
4v4 RM · 1d ago on Sep 30, 2026· 58m 18s· 8 players
Game mode
Random Map
Map size
Large (8 player)
Population
200
Speed
Normal
Resources
Standard
Victory
Conquest
Starting age
Dark Age
Ending age
Imperial Age
RankedLock teamsTeams togetherTeam positionsShared explorationLock speedFull tech treeHidden civsTurbo modeCheats
Victory
Defeat
🇨🇳 Shu · China
872
+13
836
+15
🇨🇳 Magyars · China
793
+16
🇪🇸 Teutons · Spain
819
-15
🇲🇽 Turks · Mexico
810
-15
🇹🇷 Britons · Türkiye
807
-15
🇷🇺 Khmer · Russia
787
-14
j.quintero_1988
1:15 Loom
10:47 Feudal Age
16:39 Castle Age
17:08 Wheelbarrow
24:28 Imperial Age
27:22 Conscription
35:13 Elite Janissary
alpercetiner66
11:56 Feudal Age
19:27 Castle Age
17:18 Horse Collar
17:25 Double-Bit Axe
17:51 Gold Mining
17:53 Stone Mining
18:26 Loom
19:17 Loom
20:24 Heavy Plow
20:38 Bow Saw
21:06 Gold Shaft Mining
22:04 Wheelbarrow
21:18 Town Watch
22:36 Treadmill Crane
25:00 Ballistics
26:10 Hand Cart
25:54 Murder Holes
28:08 Masonry
28:18 Fletching
28:30 Padded Archer Armor
28:53 Town Patrol
30:17 Bodkin Arrow
30:51 Leather Archer Armor
31:36 Fortified Wall
32:40 Yeomen
32:40 Caravan
37:04 Imperial Age
38:33 Coinage
38:11 Bracer
38:41 Ring Archer Armor
39:13 Chemistry
37:59 Arrowslits
38:45 Architecture
39:18 Two-Man Saw
39:03 Conscription
39:49 Hoardings
40:13 Warwolf
42:09 Elite Longbowman
48:23 Banking
48:03 Guilds
shprot
11:08 Feudal Age
9:24 Loom
14:17 Castle Age
13:33 Horse Collar
13:49 Double-Bit Axe
26:05 Scale Barding Armor
26:11 Forging
27:06 Bloodlines
26:56 Husbandry
32:07 Imperial Age
30:38 Iron Casting
31:24 Wheelbarrow
30:53 Heavy Plow
31:04 Bow Saw
30:47 Stone Mining
31:03 Husbandry
31:11 Scale Mail Armor
32:33 Hand Cart
34:10 Conscription
33:57 Pikeman
34:22 Arson
36:07 Double Crossbow
37:00 Elite Ballista Elephant
37:02 Cavalier
38:12 Halberdier
41:00 Chain Barding Armor
41:06 Tusk Swords
LEG_VII_GEM
3:36 Loom
10:13 Feudal Age
10:45 Double-Bit Axe
10:43 Horse Collar
19:23 Castle Age
19:21 Stone Mining
19:45 Gold Mining
21:06 Heavy Plow
24:44 Stone Shaft Mining
25:10 Wheelbarrow
24:21 Town Watch
26:09 Bow Saw
30:43 Imperial Age
28:52 Hand Cart
28:57 Pikeman
30:06 Squires
30:18 Arson
30:46 Scale Mail Armor
30:57 Forging
32:35 Two-Man Saw
32:08 Crop Rotation
31:58 Chain Mail Armor
32:46 Chemistry
31:16 Halberdier
32:29 Elite Teutonic Knight
33:44 Plate Mail Armor
33:50 Iron Casting
34:20 Conscription
36:52 Crenellations
36:43 Fletching
39:22 Hoardings
40:12 Ironclad
40:28 Bodkin Arrow
41:33 Blast Furnace
40:34 Padded Archer Armor
落榜音游人
11:56 Feudal Age
16:09 Castle Age
15:03 Double-Bit Axe
15:03 Horse Collar
20:11 Gold Mining
20:56 Heavy Plow
21:49 Stone Mining
24:25 Wheelbarrow
24:43 Bow Saw
29:49 Imperial Age
28:41 Hand Cart
28:13 Treadmill Crane
28:54 Ballistics
29:42 Gold Shaft Mining
30:03 Scale Barding Armor
29:49 Fletching
30:00 Padded Archer Armor
30:54 Corvinian Army
31:14 Conscription
30:26 Elite Magyar Huszar
30:48 Elite Magyar Huszar
31:48 Conscription
32:51 Bloodlines
32:41 Husbandry
33:07 Chain Barding Armor
33:03 Leather Archer Armor
32:43 Bodkin Arrow
34:55 Plate Barding Armor
35:34 Bodkin Arrow
36:10 Ring Archer Armor
37:40 Crop Rotation
38:12 Two-Man Saw
37:56 Thumb Ring
38:17 Parthian Tactics
37:12 Heavy Cavalry Archer
40:18 Recurve Bow
41:32 Chemistry
40:38 Siege Engineers
40:41 Bracer
東雲mobai
9:22 Loom
11:13 Feudal Age
12:48 Loom
15:52 Castle Age
16:24 Double-Bit Axe
16:24 Horse Collar
17:39 Heavy Plow
17:34 Stone Mining
19:55 Bow Saw
23:03 Wheelbarrow
22:13 Town Watch
24:12 Hand Cart
24:19 Forging
25:09 Fletching
25:06 Treadmill Crane
26:08 Gold Mining
27:20 Ballistics
29:47 Imperial Age
27:41 Scale Mail Armor
27:04 Crossbowman
28:44 Thumb Ring
29:39 Gold Shaft Mining
29:38 Murder Holes
30:09 Chain Mail Armor
29:46 Gambesons
30:01 Squires
31:36 Chemistry
30:42 Siege Engineers
32:16 Two-Man Saw
31:41 Bodkin Arrow
32:18 Plate Mail Armor
32:22 Conscription
32:44 Bracer
34:04 Town Patrol
34:25 Coiled Serpent Array
33:53 Arbalester
34:21 Arson
34:39 Padded Archer Armor
35:59 Elite White Feather Guard
37:59 Bolt Magazine
42:04 Caravan
50:15 Leather Archer Armor
邦多利第一耐摔王-莫提斯
10:50 Feudal Age
12:30 Double-Bit Axe
12:51 Horse Collar
15:13 Castle Age
16:06 Bow Saw
16:08 Heavy Plow
20:22 Wheelbarrow
19:38 Loom
25:48 Hand Cart
29:34 Imperial Age
29:09 Scale Barding Armor
29:15 Forging
29:44 Heavy Camel Rider
29:53 Elite Cataphract
30:54 Conscription
31:59 Chemistry
30:50 Pikeman
30:55 Heavy Camel Rider
32:07 Chain Barding Armor
32:22 Iron Casting
32:19 Gold Mining
32:32 Halberdier
33:13 Squires
35:00 Plate Barding Armor
37:36 Light Cavalry
38:37 Hussar
41:32 Logistica
56:50 Crop Rotation
57:22 Two-Man Saw
泰拉第一老女人-凯尔希
10:23 Feudal Age
14:15 Castle Age
12:04 Double-Bit Axe
12:03 Horse Collar
16:58 Stone Mining
24:03 Bow Saw
23:55 Heavy Plow
25:46 Fletching
26:46 Loom
27:37 Yeomen
30:17 Imperial Age
28:23 Wheelbarrow
27:33 Town Watch
27:52 Bodkin Arrow
28:50 Gold Mining
29:10 Padded Archer Armor
30:04 Hand Cart
31:22 Conscription
31:30 Bracer
31:38 Elite Longbowman
32:57 Leather Archer Armor
36:00 Elite Longbowman
39:50 Gambesons
40:05 Squires
39:51 Arson
39:27 Pikeman
40:46 Warwolf
41:09 Halberdier
47:21 Ring Archer Armor
47:15 Forging
47:05 Scale Mail Armor
53:47 Hoardings
53:58 Spies/Treason
Connection lost

Rejoining the realm…

Still unreachable

The connection could not be restored.

Session expired

The server has moved on; the page needs a fresh start.